AoeStats
← bauti94_tome

Arabia

504037590Analyzed
1v1 RM · 28d ago on Sep 3, 2026· 45m 53s· 2 players
Game mode
Random Map
Map size
Tiny (2 player)
Population
200
Speed
Normal
Resources
Standard
Victory
Conquest
Starting age
Dark Age
Ending age
Imperial Age
RankedLock teamsTeams togetherTeam positionsShared explorationLock speedFull tech treeHidden civsTurbo modeCheats
Victory
Defeat
🇦🇹 Lithuanians · Austria
821
+18
🇪🇸 Celts · Spain
874
-18
wolfie
8:51 Loom
11:30 Feudal Age
11:54 Horse Collar
12:01 Double-Bit Axe
18:01 Castle Age
18:24 Scale Barding Armor
18:32 Bloodlines
18:44 Husbandry
27:57 Forging
31:04 Chain Barding Armor
31:20 Iron Casting
31:39 Fervor
44:54 Imperial Age
45:01 Cavalier
bauti94_tome
7:24 Loom
10:22 Feudal Age
10:57 Double-Bit Axe
11:41 Man-at-Arms
14:40 Scale Mail Armor
18:17 Wheelbarrow
18:30 Forging
22:02 Castle Age
21:08 Gold Mining
21:17 Horse Collar
23:29 Bow Saw
23:40 Long Swordsman
25:44 Chain Mail Armor
32:38 Heavy Plow
33:29 Gold Shaft Mining
33:04 Pikeman
34:55 Gambesons
40:01 Imperial Age
Connection lost

Rejoining the realm…

Still unreachable

The connection could not be restored.

Session expired

The server has moved on; the page needs a fresh start.